[Event "*** Titled Tuesday 3|2 Blitz (Early)"]
[Site "Chess.com"]
[Date "2017.01.03"]
[Round "1"]
[White "BjarkeSahl"]
[Black "DuleMudule"]
[Result "0-1"]
[WhiteElo "2244"]
[BlackElo "2487"]
[TimeControl "180+2"]
[EndTime "11:03:15 PST"]
[Termination "DuleMudule won by resignation"]

1. e4 c5 2. Nf3 Nc6 3. d4 cxd4 4. Nxd4 Qc7 5. Nc3 e6 6. g3 a6 7. Bg2 Nf6 8. O-O Bc5 9. Nb3 Ba7 10. Qe2 Ne5 11. Be3 Bxe3 12. Qxe3 d6 13. Rad1 Nc4 14. Qc1 Bd7 15. Rfe1 Rc8 16. h3 Nxb2 17. Qxb2 Qxc3 18. Qa3 O-O 19. Qxd6 Bc6 20. Qf4 Qxc2 21. Nd4 Qxa2 22. Nxc6 Rxc6 23. e5 Nd5 24. Bxd5 exd5 25. Qf3 0-1

[Event "*** Titled Tuesday 3|2 Blitz (Early)"]
[Site "Chess.com"]
[Date "2017.01.03"]
[Round "1"]
[White "pKiLz5Rn9b"]
[Black "Rating-Schmating"]
[Result "1-0"]
[WhiteElo "2488"]
[BlackElo "2264"]
[TimeControl "180+2"]
[EndTime "11:04:10 PST"]
[Termination "pKiLz5Rn9b won by checkmate"]

1. e4 e6 2. g3 d5 3. Bg2 Nf6 4. e5 Nfd7 5. d4 c5 6. c3 Nc6 7. Ne2 b6 8. O-O Be7 9. Be3 Ba6 10. f4 cxd4 11. cxd4 Rc8 12. Nbc3 h6 13. f5 exf5 14. Nxd5 Nb4 15. Rxf5 Nxd5 16. Bxd5 O-O 17. Nc3 Bb4 18. Qh5 Bxc3 19. Bxf7+ Kh7 20. Qg6+ Kh8 21. bxc3 Bd3 22. Bxh6 Rxf7 23. Qxf7 gxh6 24. Rh5 Qf8 25.
Qxd7 Rxc3 26. Qd6 Qf3 27. Qxh6+ Kg8 28. Rg5+ Kf7 29. Rg7+ Kf8 30. Qh8# 1-0

[Event "*** Titled Tuesday 3|2 Blitz (Early)"]
[Site "Chess.com"]
[Date "2017.01.03"]
[Round "1"]
[White "AdamHunt1"]
[Black "VerdeNotte"]
[Result "0-1"]
[WhiteElo "2340"]
[BlackElo "2628"]
[TimeControl "180+2"]
[EndTime "11:04:38 PST"]
[Termination "VerdeNotte won by resignation"]

1. e4 c5 2. Nf3 d6 3. d4 cxd4 4.
Nxd4 Nf6 5. Nc3 g6 6. Be2 Bg7 7. O-O Nc6 8. Re1 O-O 9. Nb3 Be6 10. Bg5 a5 11. Bf1 a4 12. Nd4 Nxd4 13. Qxd4 a3 14. bxa3 Nxe4 15. Qxe4 Bxc3 16. Qxb7 Bxe1 17. Rxe1 Qa5 18.
Qxe7 Qxe1 19. Bh6 Qe5 0-1

[Event "*** Titled Tuesday 3|2 Blitz (Early)"]
[Site "Chess.com"]
[Date "2017.01.03"]
[Round "1"]
[White "danir29"]
[Black "SwiftyMcBishop"]
[Result "1-0"]
[WhiteElo "2446"]
[BlackElo "2123"]
[TimeControl "180+2"]
[EndTime "11:04:42 PST"]
[Termination "danir29 won by resignation"]

1. d4 d5 2. Bf4 Nf6 3. e3 c6 4. c4 Bf5 5. Nc3 e6 6. Qb3 Qb6 7. c5 Qxb3 8. axb3 Nbd7 9. b4 Nh5 10.
Be5 Nxe5 11. dxe5 f6 12. Be2 fxe5 13. Bxh5+ g6 14. Be2 h5 15. Nf3 Bg7 16. e4 dxe4 17. Nd2 e3 18. fxe3 g5 19. Nde4 g4 20. Nd6+ Ke7 21. Nxb7 Rhb8 22. Na5 Kd7 23. e4 Bg6 24.
Rd1+ Kc7 25. Rd6 Rxb4 26. Rxc6+ Kd7 27. Rd6+ Ke7 28. Nc6+ 1-0

[Event "*** Titled Tuesday 3|2 Blitz (Early)"]
[Site "Chess.com"]
[Date "2017.01.03"]
[Round "1"]
[White "Haykos"]
[Black "alturas_pacificas"]
[Result "1-0"]
[WhiteElo "2408"]
[BlackElo "2025"]
[TimeControl "180+2"]
[EndTime "11:05:01 PST"]
[Termination "Haykos won by resignation"]

1. e4 e5 2. Nf3 Nf6 3. Nxe5 d6 4.
Nd3 Nxe4 5. Nc3 Nxc3 6. dxc3 d5 7. Be3 Bd6 8. Qh5 c6 9. O-O-O O-O 10. c4 dxc4 11. Ne5 c3 12. Nc4 cxb2+ 13. Kb1 Be6 14.
Nxd6 g6 15. Qe5 Nd7 16. Qxb2 Qe7 17. Bh6 1-0

[Event "*** Titled Tuesday 3|2 Blitz (Early)"]
[Site "Chess.com"]
[Date "2017.01.03"]
[Round "1"]
[White "davidarenas1224"]
[Black "Spas_Kozhuharov"]
[Result "0-1"]
[WhiteElo "2171"]
[BlackElo "2464"]
[TimeControl "180+2"]
[EndTime "11:05:10 PST"]
[Termination "Spas_Kozhuharov won by resignation"]

1. e4 c6 2. d4 d5 3. e5 c5 4. dxc5 e6 5. a3 Nc6 6. Nf3 Bxc5 7. b4 Bb6 8. Bb2 f6 9. exf6 Nxf6 10. Bd3 O-O 11. O-O Ng4 12. Qe2 e5 13. Bb5 e4 14. Nfd2 Qh4 15. h3 Bxf2+ 16. Kh1 Qg3 0-1

[Event "*** Titled Tuesday 3|2 Blitz (Early)"]
[Site "Chess.com"]
[Date "2017.01.03"]
[Round "1"]
[White "Tash_Boy"]
[Black "Saitama_Hero"]
[Result "1-0"]
[WhiteElo "2459"]
[BlackElo "2163"]
[TimeControl "180+2"]
[EndTime "11:05:18 PST"]
[Termination "Tash_Boy won by resignation"]

1. e4 d6 2. d4 g6 3. Nc3 Bg7 4.
f4 Nf6 5. Nf3 O-O 6. Bd3 Na6 7.
O-O c5 8. d5 Bg4 9. Kh1 Rb8 10. h3 Bxf3 11. Rxf3 Nd7 12. a4 Nb4 13. Bc4 a6 14. Qe2 Qa5 15. Ra3 Nb6 16. Bb3 c4 17.
Ba2 Rbc8 18. Bb1 Rfe8 19. Bd2 Qc5 20. a5 Na8 21. Na4 Qxa5 22. Qe1 1-0

[Event "*** Titled Tuesday 3|2 Blitz (Early)"]
[Site "Chess.com"]
[Date "2017.01.03"]
[Round "1"]
[White "VMikhalevski"]
[Black "cassoulet"]
[Result "0-1"]
[WhiteElo "2482"]
[BlackElo "2304"]
[TimeControl "180+2"]
[EndTime "11:05:26 PST"]
[Termination "cassoulet won by resignation"]

1. Nf3 d5 2. g3 Nf6 3. Bg2 g6 4. O-O Bg7 5. d4 O-O 6. c4 dxc4 7. Na3 c3 8. bxc3 c5 9. Nc4 Nc6 10. Nce5 Nxe5 11. Nxe5 Qc7 12. Ba3 Rd8 13. Bxc5 Nd5 14. Qb3 Be6 15. c4 Nb6 16. Qb4 Bxe5 17. dxe5 Nxc4 18. Bxe7 Rd7 19. Bf6 Nxe5 20. Rac1 Qb8 21.
h3 Nc6 22. Qh4 Qf8 23. Rc5 Qxc5 24. Bxc6 bxc6 25. Ba1 Qf5 26. Qh6 f6 27. g4 Qg5 0-1

[Event "*** Titled Tuesday 3|2 Blitz (Early)"]
[Site "Chess.com"]
[Date "2017.01.03"]
[Round "1"]
[White "bugsbunny444"]
[Black "Gabrielian_Artur"]
[Result "0-1"]
[WhiteElo "2367"]
[BlackElo "2668"]
[TimeControl "180+2"]
[EndTime "11:05:31 PST"]
[Termination "Gabrielian_Artur won by resignation"]

1. Nf3 Nf6 2. c4 g6 3. b4 Bg7 4. Bb2 c6 5. g3 a5 6. b5 cxb5 7. cxb5 Qb6 8. a4 Ne4 9. d4 d5 10. Bg2 O-O 11. O-O Nd7 12. Nc3 Ndf6 13. Qb3 Be6 14. Ne5 Nd2 15. Qa2 Nxf1 16. Rxf1 Rfd8 17. Ba3 Qxd4 18. Nf3 Qxc3 19. Rc1 d4 20. Rxc3 Bxa2 21. Rc7 Bd5 22. Bxe7 Rdc8 23. b6 Rxc7 24. bxc7 Rc8 25.
Bd8 Ne8 26. Bh3 f5 27. g4 Nxc7 0-1

[Event "*** Titled Tuesday 3|2 Blitz (Early)"]
[Site "Chess.com"]
[Date "2017.01.03"]
[Round "1"]
[White "1e41-0"]
[Black "OparinGrigoriy"]
[Result "1/2-1/2"]
[WhiteElo "2318"]
[BlackElo "2567"]
[TimeControl "180+2"]
[EndTime "11:05:33 PST"]
[Termination "Game drawn by repetition"]

1. e4 e5 2. Nf3 Nc6 3. g3 Nf6 4.
d3 d5 5. exd5 Nxd5 6. Bg2 Bc5 7.
O-O O-O 8. Re1 Re8 9. Bd2 Bg4 10. Nc3 Nd4 11. Nxd5 Qxd5 12. Nxd4 Qxd4 13. Be3 Qxe3 14.
fxe3 Bxd1 15. Raxd1 c6 16. Kf1 Rad8 17. c3 g6 18. d4 Bb6 19. dxe5 Rxe5 20. Rxd8+ Bxd8 21. Rd1 Bb6 22. Rd7 Rxe3 23. Rxb7 Rd3 24. Bxc6 Rd2 25. c4 Rf2+ 26. Ke1 Rxb2 27. Bd5 Rxh2 28. Rxf7 Kh8 29. g4 Rxa2 30. g5 h6 31. Rf8+ Kg7 32.
Rf7+ Kh8 33. Rf8+ Kg7 34. Rf7+ Kh8 1/2-1/2

[Event "*** Titled Tuesday 3|2 Blitz (Early)"]
[Site "Chess.com"]
[Date "2017.01.03"]
[Round "1"]
[White "Anton_Demchenko"]
[Black "gumersindo"]
[Result "1-0"]
[WhiteElo "2634"]
[BlackElo "2346"]
[TimeControl "180+2"]
[EndTime "11:05:38 PST"]
[Termination "Anton_Demchenko won by resignation"]

1. e4 e5 2. Nf3 Nc6 3. Bc4 Bc5 4. d3 Nf6 5. O-O d6 6. Bg5 h6 7. Bh4 g5 8. Bg3 Bg4 9. c3 Nh5 10. Kh1 Nxg3+ 11. fxg3 Qe7 12. b4 Bb6 13. Nbd2 O-O 14. a4 a5 15. b5 Nd8 16. h3 Be6 17. Nh2 Kg7 18. Qh5 Be3 19. Ndf3 Bxc4 20. dxc4 Qe6 21. Rae1 Bc5 22. Nd2 Qg6 23. Qe2 Ne6 24. Ng4 f6 25. Nb3 Bb6 26. Rf5 Nc5 27. Nxc5 Bxc5 28. Ref1 h5 29.
Nxf6 1-0

[Event "*** Titled Tuesday 3|2 Blitz (Early)"]
[Site "Chess.com"]
[Date "2017.01.03"]
[Round "1"]
[White "Salem-AR"]
[Black "sandropozo"]
[Result "0-1"]
[WhiteElo "2705"]
[BlackElo "2400"]
[TimeControl "180+2"]
[EndTime "11:05:49 PST"]
[Termination "sandropozo won by resignation"]

1. d4 d5 2. c4 c6 3. Nf3 Nf6 4.
Nc3 dxc4 5. e4 b5 6. e5 Nd5 7. a4 e6 8. Be2 Bb7 9. O-O Nd7 10. Ne4 Be7 11. Bg5 O-O 12. Bxe7 Qxe7 13. Nd6 N7b6 14.
a5 Na4 15. Rxa4 bxa4 16. Qxa4 c3 17. a6 Bc8 18. Qxc6 Bd7 19. Qc4 cxb2 20. Rb1 Rfc8 21.
Qd3 Rc1+ 22. Bf1 Rb8 23. Nb7 Qb4 24. Ng5 g6 25. Qh3 h5 26. Qf3 Rf8 27. Rxb2 Qxb2 28. h4 Bb5 29. Nd6 Rxf1+ 30. Kh2 Rxf2 31. Qg3 Bf1 0-1

[Event "*** Titled Tuesday 3|2 Blitz (Early)"]
[Site "Chess.com"]
[Date "2017.01.03"]
[Round "1"]
[White "biostatistician"]
[Black "FearlessKing64"]
[Result "1-0"]
[WhiteElo "2430"]
[BlackElo "2057"]
[TimeControl "180+2"]
[EndTime "11:05:54 PST"]
[Termination "biostatistician won by resignation"]

1. d4 Nf6 2. Nf3 g6 3. c4 Bg7 4. Nc3 d5 5. cxd5 Nxd5 6. e4 Nxc3 7. bxc3 c5 8. Be3 Qa5 9. Qd2 O-O 10. Rc1 cxd4 11. cxd4 Qxd2+ 12. Nxd2 Rd8 13. Nb3 e6 14. Bg5 f6 15. Be3 Nc6 16. Bb5 Bd7 17. Ke2 a6 18. Bd3 Be8 19. Bc4 Bf7 20. Rhd1 Rac8 21. d5 exd5 22.
Bxd5 Bxd5 23. exd5 Nb4 24. Rxc8 Rxc8 25. d6 Nxa2 26. d7 Rd8 27. Bb6 Nc3+ 28. Ke1 Nxd1 29.
Bxd8 Nb2 30. Be7 Nd3+ 31. Kd2 1-0

[Event "*** Titled Tuesday 3|2 Blitz (Early)"]
[Site "Chess.com"]
[Date "2017.01.03"]
[Round "1"]
[White "Kawhi_Leonard2"]
[Black "yurisolo"]
[Result "0-1"]
[WhiteElo "2195"]
[BlackElo "2468"]
[TimeControl "180+2"]
[EndTime "11:06:09 PST"]
[Termination "yurisolo won by checkmate"]

1. e4 c5 2. Nf3 e6 3. d4 cxd4 4.
Nxd4 Nc6 5. Nc3 d6 6. Be2 Nf6 7. O-O Be7 8. Be3 O-O 9. f4 Bd7 10. Qe1 Nxd4 11. Bxd4 Bc6 12. Qg3 a6 13. Rad1 b5 14.
a3 Qb8 15. Bd3 b4 16. axb4 Qxb4 17. e5 Qxd4+ 18. Kh1 Qb4 19. exf6 Bxf6 20. f5 Be5 21. Qh3 Qxb2 22. fxe6 g6 23. e7 Qxc3 24. exf8=Q+ Rxf8 25. Ra1 a5 26. Qe3 a4 27. Qe2 a3 28. Bc4 Kg7 29. Bb3 Qh3 30. Rad1 Qxh2# 0-1

[Event "*** Titled Tuesday 3|2 Blitz (Early)"]
[Site "Chess.com"]
[Date "2017.01.03"]
[Round "1"]
[White "chito89"]
[Black "stefanodinn"]
[Result "1-0"]
[WhiteElo "2509"]
[BlackElo "2231"]
[TimeControl "180+2"]
[EndTime "11:06:18 PST"]
[Termination "chito89 won by resignation"]

1. d4 Nf6 2. Nf3 d5 3. Bf4 c6 4.
e3 Bf5 5. c4 e6 6. Nc3 Nbd7 7.
h3 h6 8. Qb3 Qb6 9. c5 Qxb3 10.
axb3 a6 11. b4 Rc8 12. Nd2 Be7 13. Nb3 Bd8 14. Na5 Bxa5 15. Rxa5 O-O 16. Bd6 Rfe8 17. f4 Ne4 18. Nxe4 Bxe4 19. Rg1 Bh7 20. g4 Nf6 21.
Bg2 Ne4 22. Bxe4 Bxe4 23. Kf2 f6 24. h4 Kf7 25. Raa1 g5 26. fxg5 hxg5 27. hxg5 fxg5 28. Kg3 Kg6 29. Rgf1 Rh8 30. Rf2 Rh4 31. Raf1 Rch8 32. Rf6+ Kg7 33. Rf7+ Kg8 34. Rf8+ Kg7 35. Be5+ 1-0

[Event "*** Titled Tuesday 3|2 Blitz (Early)"]
[Site "Chess.com"]
[Date "2017.01.03"]
[Round "1"]
[White "jup1978"]
[Black "GrigorGrigorov"]
[Result "0-1"]
[WhiteElo "2215"]
[BlackElo "2482"]
[TimeControl "180+2"]
[EndTime "11:06:22 PST"]
[Termination "GrigorGrigorov won by resignation"]

1. e4 g6 2. d4 Bg7 3. Nf3 d6 4. Bd3 Nf6 5. h3 O-O 6. O-O Nbd7 7. c3 e5 8. Re1 b6 9. Nbd2 Bb7 10. d5 Nh5 11.
Nh2 Nf4 12. Bf1 Bc8 13. c4 a5 14. b3 Nc5 15. Ndf3 f5 16. exf5 Bxf5 17. Bxf4 exf4 18.
Rc1 h5 19. Nd4 Bd7 20. a3 Qf6 21. Nhf3 g5 22. b4 axb4 23. axb4 g4 24. bxc5 gxf3 25. Nxf3 bxc5 26. Bd3 Ra2 27. Rc2 Rfa8 28. Qb1 Ra1 29. Qb7 Rxe1+ 30. Nxe1 Ra1 31. Re2 Qc3 32. Bb1 Qb4 33.
Qxb4 cxb4 34. Bc2 Bc3 35. Kf1 f3 0-1

[Event "*** Titled Tuesday 3|2 Blitz (Early)"]
[Site "Chess.com"]
[Date "2017.01.03"]
[Round "1"]
[White "Ar4uha"]
[Black "LonesomeGeorge1"]
[Result "1-0"]
[WhiteElo "2461"]
[BlackElo "2170"]
[TimeControl "180+2"]
[EndTime "11:06:23 PST"]
[Termination "Ar4uha won by checkmate"]

1. e4 c5 2. Nf3 e6 3. g3 Nc6 4. Bg2 Be7 5. O-O Nf6 6. Qe2 d6 7.
c3 O-O 8. d4 cxd4 9. cxd4 d5 10.
e5 Ne4 11. Nbd2 Nxd2 12. Bxd2 b6 13. Rfc1 Qd7 14. h4 a5 15. h5 Ba6 16. Qd1 h6 17. Be3 Rfc8 18. a3 Rc7 19. Qd2 Bf8 20.
g4 Rac8 21. g5 hxg5 22. Bxg5 Ne7 23. h6 Nf5 24. hxg7 Bxg7 25. Bh3 Rxc1+ 26. Rxc1 Rxc1+ 27. Qxc1 Be2 28. Bxf5 Bxf3 29. Bd3 Qa4 30. Qc8+ Bf8 31. Bh6 Qd1+ 32. Bf1 Kh7 33. Qxf8 Kg6 34. Qg7+ Kf5 35. Qg5+ Ke4 36. Qf4# 1-0

[Event "*** Titled Tuesday 3|2 Blitz (Early)"]
[Site "Chess.com"]
[Date "2017.01.03"]
[Round "1"]
[White "roldieyi"]
[Black "gmsakk"]
[Result "0-1"]
[WhiteElo "2149"]
[BlackElo "2459"]
[TimeControl "180+2"]
[EndTime "11:06:26 PST"]
[Termination "gmsakk won by resignation"]

1. d4 d5 2. Nf3 Nf6 3. g3 c5 4.
Bg2 Nc6 5. O-O e6 6. c4 dxc4 7.
Qa4 cxd4 8. Nxd4 Qxd4 9. Bxc6+ Bd7 10. Bxd7+ Qxd7 11. Qxc4 Rc8 12. Qb3 Bc5 13. Nc3 O-O 14. Bg5 Qe7 15. Ne4 Bd4 16. e3 Be5 17. Rad1 h6 18.
Bxf6 Bxf6 19. Nxf6+ gxf6 20. Rd4 f5 21. Rb4 Rc7 22.
Rh4 Kg7 23. Qa4 Qf6 24. Qxa7 Qxb2 25. e4 fxe4 26. Qe3 Qf6 27. Qxe4 Ra8 28. Rf4 Qc3 29. Rg4+ Kf8 30. Qf4 Rxa2 31. Qxh6+ Ke7 32. Rf4 Ra5 33. Qh4+ Ke8 34. Rd1 Rd5 35. Re1 Qxe1+ 0-1

[Event "*** Titled Tuesday 3|2 Blitz (Early)"]
[Site "Chess.com"]
[Date "2017.01.03"]
[Round "1"]
[White "Izoria123"]
[Black "Mazetovic"]
[Result "1-0"]
[WhiteElo "2690"]
[BlackElo "2453"]
[TimeControl "180+2"]
[EndTime "11:06:56 PST"]
[Termination "Izoria123 won by resignation"]

1. Nf3 Nf6 2. c4 g6 3. g3 Bg7 4. Bg2 O-O 5. O-O d6 6. Nc3 c6 7.
d4 Qa5 8. e4 Qh5 9. Ng5 Qxd1 10. Rxd1 e5 11. d5 c5 12. Bh3 Bxh3 13. Nxh3 Na6 14.
a3 Kh8 15. f3 Ng8 16. Nb5 Rfd8 17. Ng5 Rd7 18. Nxd6 Rf8 19. Nb5 h6 20. Nh3 b6 21.
Nf2 Ne7 22. Be3 Nc8 23. Nd3 Nd6 24. Nxd6 Rxd6 25. b4 Rc8 26. bxc5 Nxc5 27. Nxc5 bxc5 28. Rdb1 Rd7 29. Rb5 Bf8 30. Rab1 Kg7 31. Kf2 f5 32. Ke2 Rcc7 33. Kd3 Bd6 34. Rb8 Rf7 35. a4 h5 36. Rd8 Rfd7 37. Rbb8 Kf7 38. Rh8 Kf6 39.
exf5 gxf5 40. Rxh5 e4+ 41. Ke2 Rg7 42. Re8 Kf7 43. Re6 exf3+ 44. Kxf3 Be7 45. Rxf5+ Kg8 1-0

[Event "*** Titled Tuesday 3|2 Blitz (Early)"]
[Site "Chess.com"]
[Date "2017.01.03"]
[Round "1"]
[White "mwpchess"]
[Black "SidArun"]
[Result "1-0"]
[WhiteElo "2429"]
[BlackElo "2044"]
[TimeControl "180+2"]
[EndTime "11:07:05 PST"]
[Termination "mwpchess won by resignation"]

1. c4 e6 2. g3 f5 3. Bg2 Nf6 4. d3 c6 5. e4 d5 6. cxd5 exd5 7. e5 Ng8 8. Nf3 g6 9. O-O Bg7 10. Bg5 Ne7 11. Qd2 h6 12. Bf6 O-O 13. Bxg7 Kxg7 14. d4 Be6 15. Nc3 Nd7 16. Ne2 Nb6 17.
b3 Qd7 18. h4 Rg8 19. Nf4 Kh7 20. Nd3 Nec8 21. Nc5 Qf7 22. a4 Rb8 23. a5 Nd7 24.
Nxd7 Qxd7 25. Ne1 b6 26. Nd3 Ne7 27. Ra3 Rgc8 28. Rfa1 c5 29. axb6 axb6 30. Ra7 Rb7 31. Rxb7 Qxb7 32. Nf4 Qc6 33. Ra7 Re8 34. dxc5 bxc5 35.
Nxe6 Qxe6 36. Qxd5 Qxd5 37. Bxd5 Kh8 38. Bf7 1-0

[Event "*** Titled Tuesday 3|2 Blitz (Early)"]
[Site "Chess.com"]
[Date "2017.01.03"]
[Round "1"]
[White "Maitreia"]
[Black "AdrianaNikolova"]
[Result "1-0"]
[WhiteElo "2479"]
[BlackElo "2249"]
[TimeControl "180+2"]
[EndTime "11:07:15 PST"]
[Termination "Maitreia won on time"]

1. c4 e5 2. g3 Nf6 3. Bg2 d5 4.
cxd5 Nxd5 5. Nc3 Nb6 6. Nf3 Nc6 7. O-O Be7 8. Rb1 O-O 9. b4 f6 10. b5 Nd4 11. d3 Be6 12. Nd2 Nd5 13. Bxd5 Bxd5 14. e3 Bf7 15. exd4 exd4 16. Ne2 Bxa2 17. Bb2 Bxb1 18. Qxb1 Bc5 19. Nb3 Bb6 20. Bxd4 Qd5 21. Bxb6 axb6 22. Nbd4 Ra3 23. Rc1 Qd6 24. Nf5 Qd7 25.
Ne3 Rxd3 26. Rxc7 Qxc7 27. Qxd3 Rd8 28. Qb3+ Qf7 29. Qc2 g6 30. h4 Qd7 31. Qb3+ Qf7 32. Qb2 Re8 33. Nf4 Re5 34. Ng4 Rf5 35. Nh6+ 1-0

[Event "*** Titled Tuesday 3|2 Blitz (Early)"]
[Site "Chess.com"]
[Date "2017.01.03"]
[Round "1"]
[White "Hamisandwich"]
[Black "E-Shaposhnikov"]
[Result "0-1"]
[WhiteElo "2381"]
[BlackElo "2720"]
[TimeControl "180+2"]
[EndTime "11:07:16 PST"]
[Termination "E-Shaposhnikov won by resignation"]

1. d4 Nf6 2. Nf3 e6 3. e3 b6 4. Bd3 Bb7 5. O-O d5 6. c4 Bd6 7. cxd5 exd5 8. b3 Qe7 9. Nc3 a6 10.
Bb2 Nbd7 11. Rc1 O-O 12. Bf5 g6 13. Bh3 Rfe8 14. Ne2 Ne4 15. Nf4 f5 16. Nd3 c5 17.
g3 Rac8 18. Nde5 Ndf6 19. Qe2 Qe6 20. dxc5 bxc5 21. Nd3 a5 22. Rfd1 Ba6 23. Qc2 Ng4 24. Bg2 c4 25. bxc4 dxc4 26. Nf4 Bxf4 27. exf4 c3 28. Ba1 Ngxf2 29. Re1 Nd3 30. Bf1 Qb6+ 31. Kg2 Nxe1+ 32. Rxe1 Bb7 33. Kh3 Nf2+ 34. Kg2 Rxe1 0-1

[Event "*** Titled Tuesday 3|2 Blitz (Early)"]
[Site "Chess.com"]
[Date "2017.01.03"]
[Round "1"]
[White "Holden-Caulfield"]
[Black "Andrejkin"]
[Result "1-0"]
[WhiteElo "2456"]
[BlackElo "2179"]
[TimeControl "180+2"]
[EndTime "11:07:16 PST"]
[Termination "Holden-Caulfield won by resignation"]

1. d4 Nf6 2. Nf3 e6 3. Bg5 Be7 4. Nbd2 c5 5. e3 d5 6. c3 O-O 7. Bd3 Nc6 8. O-O cxd4 9. exd4 b6 10. Qe2 Bb7 11. Rfe1 h6 12. Bh4 g5 13. Bg3 Nh5 14. Rad1 Bc8 15. Ne5 Nxg3 16. hxg3 Nxe5 17. Qxe5 Bd7 18.
Nf3 f6 19. Qe2 Kg7 20. c4 Bb4 21. Rf1 Qe8 22. a3 Bd6 23. Rfe1 Qf7 24. cxd5 exd5 25. Bb5 Bxb5 26. Qxb5 Rae8 27. Nh2 f5 28. Nf1 Rxe1 29.
Rxe1 f4 30. gxf4 Bxf4 31. Re2 g4 32. g3 Bg5 33. Qd3 Qg6 34. Qa6 h5 35. Qxa7+ Rf7 36. Qa8 Qf5 37. Qe8 Bf6 38. Ne3 Qf3 39. Rd2 h4 40. Qe6 Bg5 41. gxh4 Bxe3 42. Qxe3 Qxe3 43. fxe3 Kg6 44. Re2 Kh5 45. e4 Kxh4 46. exd5 g3 47. Kg2 Rd7 48. Re4+ Kg5 49. Kxg3 Rxd5 50. Kf3 Kf5 51.
Ke3 b5 52. Rh4 1-0

[Event "*** Titled Tuesday 3|2 Blitz (Early)"]
[Site "Chess.com"]
[Date "2017.01.03"]
[Round "1"]
[White "Dr-Bassem"]
[Black "Krutoy123"]
[Result "0-1"]
[WhiteElo "2637"]
[BlackElo "2395"]
[TimeControl "180+2"]
[EndTime "11:07:22 PST"]
[Termination "Krutoy123 won by resignation"]

1. e4 c5 2. Nf3 e6 3. d3 Nc6 4. g3 g6 5. Bg2 Bg7 6. O-O Nge7 7. Re1 d6 8. c3 O-O 9. d4 b6 10. h4 Bb7 11. h5 Qd7 12. h6 Bh8 13. Bg5 f6 14. Be3 cxd4 15. Nxd4 Nxd4 16. cxd4 d5 17. Nc3 dxe4 18. Nxe4 Rad8 19. Rc1 Rfe8 20. Bf4 Nd5 21. Bd2 f5 22. Nc3 Nb4 23. Bg5 Bxg2 24.
Bxd8 Ba8 25. Bg5 Bxd4 26. a3 Nd3 27. Be3 Qb7 28. Kf1 Bxe3 29. Rxe3 Qh1+ 30. Ke2 Nxc1+ 31. Kd2 Rd8+ 0-1

[Event "*** Titled Tuesday 3|2 Blitz (Early)"]
[Site "Chess.com"]
[Date "2017.01.03"]
[Round "1"]
[White "162a54f5d"]
[Black "FairChess_on_YouTube"]
[Result "0-1"]
[WhiteElo "2384"]
[BlackElo "2767"]
[TimeControl "180+2"]
[EndTime "11:07:25 PST"]
[Termination "FairChess_on_YouTube won by checkmate"]

1. d4 Nf6 2. c4 g6 3. g3 Bg7 4. Bg2 O-O 5. Nc3 d6 6. Nf3 c6 7. O-O Bf5 8. Ne1 e5 9. d5 cxd5 10.
cxd5 e4 11. Nc2 Re8 12. Nd4 Bd7 13. Bf4 Qb6 14. Nb3 Na6 15. Be3 Qd8 16. Bd4 Bf5 17.
Rc1 Nc7 18. Na5 b6 19. Nc6 Qd7 20. b4 h5 21. h4 b5 22. e3 a6 23. a4 Bg4 24.
Qb3 Bf3 25. axb5 Nxb5 26. Nxb5 axb5 27. Ra1 Kh7 28. Ra5 Qf5 29. Rfa1 Bxg2 30. Kxg2 Ng4 31. R1a2 g5 32. Bxg7 gxh4 33. Rxa8 Qf3+ 34. Kg1 h3 35. Kf1 h2 36. Ke1 h1=Q+ 37. Kd2 Qxf2+ 38. Kc3 Qxe3+ 39. Kb2 Qhc1# 0-1

[Event "*** Titled Tuesday 3|2 Blitz (Early)"]
[Site "Chess.com"]
[Date "2017.01.03"]
[Round "1"]
[White "Mischuk_D"]
[Black "rst2003"]
[Result "1-0"]
[WhiteElo "2441"]
[BlackElo "2100"]
[TimeControl "180+2"]
[EndTime "11:07:31 PST"]
[Termination "Mischuk_D won by resignation"]

1. d4 Nf6 2. c4 g6 3. Nc3 Bg7 4.
e4 d6 5. Be2 O-O 6. Bg5 Na6 7.
f4 c6 8. Bf3 Nc7 9. Nge2 Ne6 10. Bh4 a6 11. O-O Rb8 12. e5 dxe5 13. dxe5 Nd7 14.
Kh1 g5 15. fxg5 Nxe5 16. Qc2 Nxc4 17. Rfd1 Ne3 18. Rxd8 Nxc2 19. Rxf8+ Kxf8 20. Rd1 Ncd4 21. Bg3 Ra8 22. h4 Bd7 23. Nxd4 Nxd4 24. Ne2 Nxe2 25. Bxe2 Be6 26. b3 Ke8 27. Bc7 Rc8 28. Bb6 c5 29.
Bf3 Bd4 30. Bxb7 Rb8 31. Bc6+ Kf8 32. Ba5 Bf2 33. Be1 Bxe1 34. Rxe1 c4 35. bxc4 Bxc4 36.
a3 Rb3 37. Rc1 Be6 38. Be4 Kg7 39. Ra1 Re3 40. Bf3 Rc3 41. Kh2 h6 42. gxh6+ Kxh6 43. Kg3 Bd5 44. a4 Bxf3 45. gxf3 Rc4 46. a5 e5 47. Rb1 Rc6 48. Rb6 Rg6+ 49. Kh3 Kh5 50. Rb8 Rg1 51. Rh8+ Kg6 52. Rg8+ Kf6 53. Rxg1 Ke6 54. h5 Kd5 55. h6 Kc5 56. h7 Kb5 57. h8=Q Kxa5 58. Qxe5+ Kb4 59. Rd1 1-0

[Event "*** Titled Tuesday 3|2 Blitz (Early)"]
[Site "Chess.com"]
[Date "2017.01.03"]
[Round "1"]
[White "Buffy7"]
[Black "Makalexa"]
[Result "1-0"]
[WhiteElo "2471"]
[BlackElo "2185"]
[TimeControl "180+2"]
[EndTime "11:07:35 PST"]
[Termination "Buffy7 won by checkmate"]

1. Nf3 g6 2. g3 Bg7 3. Bg2 c5 4. O-O Nc6 5. c4 Nh6 6. Nc3 d6 7. Rb1 Nf5 8. d3 h5 9. Bg5 Bd7 10. a3 h4 11. Nd5 hxg3 12. hxg3 Qc8 13. b4 Nfd4 14. e3 Nxf3+ 15. Qxf3 Bg4 16. Nc7+ Qxc7 17.
Qxg4 Ne5 18. Qe4 f6 19. Bf4 Kf7 20. bxc5 Qxc5 21. Rxb7 g5 22. Bxe5 Qxe5 23. Qd5+ Kg6 24. Qxe5 dxe5 25. Rxe7 Rab8 26. Rxa7 Rb3 27. a4 f5 28. Rd1 Bf6 29. g4 fxg4 30. Be4+ Kh5 31. Kg2 g3 32. Rh1+ Kg4 33. f3# 1-0

[Event "*** Titled Tuesday 3|2 Blitz (Early)"]
[Site "Chess.com"]
[Date "2017.01.03"]
[Round "1"]
[White "Quiet_Desperation"]
[Black "kleinebeer98"]
[Result "0-1"]
[WhiteElo "2372"]
[BlackElo "1648"]
[TimeControl "180+2"]
[EndTime "11:07:37 PST"]
[Termination "kleinebeer98 won by resignation"]

1. e4 e5 2. Nf3 Nc6 3. Bb5 f5 4. d3 fxe4 5. dxe4 Nf6 6. Nc3 Bb4 7. Bc4 Nxe4 8. Qd5 Nd6 9. O-O Qf6 10. Bg5 Qf7 11. Qxd6 Bxd6 12. Bxf7+ Kxf7 13. Nd5 h6 14.
Be3 Ne7 15. Rad1 Re8 16. c4 Nxd5 17. Rxd5 b6 18. Rfd1 Bb7 19. Rxd6 cxd6 20. Rxd6 Bc6 21. Nd2 Re6 22. Rd3 Rd8 23. h3 d5 24. cxd5 Rxd5 25.
Ra3 Re7 26. Nc4 Ke6 27. f4 e4 28. g4 Rd3 29. f5+ Kd5 30. b3 Bb5 31. Bf4 Bxc4 32. bxc4+ Kxc4 33. Ra4+ Kb5 0-1

[Event "*** Titled Tuesday 3|2 Blitz (Early)"]
[Site "Chess.com"]
[Date "2017.01.03"]
[Round "1"]
[White "Cruel_Yaro"]
[Black "Canonkasparov"]
[Result "1-0"]
[WhiteElo "2592"]
[BlackElo "2324"]
[TimeControl "180+2"]
[EndTime "11:07:47 PST"]
[Termination "Cruel_Yaro won by checkmate"]

1. c4 c6 2. e4 d5 3. e5 Bf5 4. d4 e6 5. Nc3 Ne7 6. h4 h5 7.
Nge2 g6 8. Bg5 Bg7 9. Ng3 Qb6 10. Qd2 Nd7 11. cxd5 Nxd5 12. Nxf5 exf5 13. Bc4 Nxc3 14. bxc3 Nf8 15. O-O Ne6 16. Rab1 Qc7 17. Bf6 O-O 18.
Qe3 Rfe8 19. Bxg7 Kxg7 20. f3 Rad8 21. g4 hxg4 22. fxg4 f4 23. Qe4 Qe7 24. g5 Rh8 25. Bxe6 Qxe6 26. Qxf4 Kg8 27. Rxb7 Rf8 28. Rf2 Rh7 29.
Rxa7 Qh3 30. Rf3 Qe6 31. Kg2 Qc4 32. Kg3 Qd5 33. a4 Qa2 34. Re7 Qb1 35. Kg2 Qc2+ 36.
Rf2 Qb3 37. e6 Qd5+ 38. Kg3 f6 39. Rxh7 Kxh7 40. e7 Re8 41. gxf6 Qf7 42. a5 Ra8 43.
Qe5 Kg8 44. a6 Qc4 45. e8=Q+ Rxe8 46. Qxe8+ Kh7 47. Qe7+ Kh6 48. Qg7+ Kh5 49. Qh7# 1-0